 Seeded DCSS version 0.28.0-53-g5a82cb258f (webtiles) character file.

Game seed: 9581929281390380060 (custom seed)

248 Kranky the Vandal (level 6, -2/44 HPs)
             Began as a Gnoll Wanderer on June 27, 2022.
             Succumbed to Crazy Yiuf's poison
             ... on level 4 of the Dungeon.
             The game lasted 00:07:05 (3556 turns).

Kranky the Vandal (Gnoll Wanderer)                  Turns: 3556, Time: 00:07:07

Health: -2/44      AC:  5    Str: 12    XL:     6   Next: 12%
Magic:  7/13       EV: 11    Int: 10    God:
Gold:   206        SH:  0    Dex: 14    Spells: 12/15 levels left

rFire   . . .      SeeInvis .   q - +3 dagger
rCold   . . .      Faith    .   (no shield)
rNeg    . . .      Spirit   .   e - +0 leather armour
rPois   .          Reflect  .   p - +0 helmet
rElec   +          Harm     .   (no cloak)
rCorr   .          Rampage  .   (no gloves)
Will    .....      NoTele   +   x - +0 pair of boots "Jywebuep" {-Tele rElec Regen+}
Stlth   ++........              (no amulet)
HPRegen 0.94/turn               (no ring)
MPRegen 0.13/turn               (no ring)

@: lethally poisoned (-2 -> -18), hasted, very quick
A: fangs 1, strong nose, distributed training
a: no special abilities


You were on level 4 of the Dungeon.
You visited 1 branch of the dungeon, and saw 4 of its levels.

You collected 206 gold pieces.

Inventory:

Hand Weapons
 a - a +0 hunting sling
 d - a +0 dagger
 o - a +1 whip of draining
 q - a +3 dagger (weapon)
Missiles
 b - 56 sling bullets
 c - 10 poisoned darts (quivered)
 g - 123 stones
Armour
 e - a +0 leather armour (worn)
 p - a +0 helmet (worn)
 x - the +0 pair of boots "Jywebuep" (worn) {-Tele rElec Regen+}
   (You found it on level 4 of the Dungeon)

   rElec:     It insulates you from electricity.
   -Tele:     It prevents most forms of teleportation.
   Regen:     It increases your rate of health regeneration.
Jewellery
 l - a ring of wizardry
 n - a +4 ring of protection
Wands
 w - a wand of acid (9)
Scrolls
 f - 2 scrolls of identify {unknown}
 k - a scroll of fog {unknown}
 m - a scroll of holy word {unknown}
 r - a scroll of blinking {unknown}
 s - 3 scrolls of vulnerability {unknown}
 t - a scroll of amnesia {unknown}
 u - 2 scrolls of teleportation {unknown}
 y - a scroll of enchant weapon {unknown}
Potions
 h - a potion of haste
 i - 2 potions of heal wounds {unknown}
 j - 2 potions of lignification {unknown}
 v - 2 potions of curing {unknown}
 z - a potion of ambrosia {unknown}
 A - 2 potions of flight {unknown}


   Skills:
 + Level 1.8 Fighting
 + Level 1.8 Short Blades
 + Level 1.8 Long Blades
 + Level 1.8 Axes
 + Level 1.8 Maces & Flails
 + Level 1.8 Polearms
 + Level 1.8 Staves
 + Level 6.8 Slings
 + Level 1.8 Bows
 + Level 1.8 Crossbows
 + Level 3.1 Throwing
 + Level 3.1 Armour
 + Level 1.8 Dodging
 + Level 3.0 Stealth
 + Level 1.8 Shields
 + Level 1.8 Unarmed Combat
 + Level 5.3 Spellcasting
 + Level 1.4 Conjurations
 + Level 1.4 Hexes
 + Level 1.4 Summonings
 + Level 1.4 Necromancy
 + Level 1.4 Translocations
 + Level 1.4 Transmutations
 + Level 1.4 Fire Magic
 + Level 4.0 Ice Magic
 + Level 1.4 Air Magic
 + Level 1.4 Earth Magic
 + Level 1.4 Poison Magic
 + Level 2.0 Invocations
 + Level 1.8 Evocations


You had 12 spell levels left.
You knew the following spells:

 Your Spells              Type           Power      Damage    Failure   Level
a - Freeze                Ice            40%        1d6       5%          1
b - Ensorcelled Hibernat  Hex/Ice        16%        N/A       14%         2

Your spell library contained the following spells:

 Spells                   Type           Power      Damage    Failure   Level
 Summon Ice Beast         Ice/Summ       8%         N/A       65%         4


Dungeon Overview and Level Annotations

Branches:
Dungeon (4/15)
 Temple: D:4-7

Altars:
Xom

Shops:
D:1 =

Annotations:
D:4 Crazy Yiuf


Innate Abilities, Weirdness & Mutations

You have very sharp teeth.
Your uncanny sense of smell can sniff out nearby items.
Your experience applies equally to all skills.


Message History

You open the door. You hit Crazy Yiuf.
Crazy Yiuf is lightly wounded.
Crazy Yiuf hits you with a +4 quarterstaff of chaos!
Crazy Yiuf burns you.
Casting: Freeze (safe; 5% risk of failure)
Confirm with . or Enter, or press ? or * to list all spells.
Aiming: Freeze (safe; 5% risk of failure)
Press: ? - help, Shift-Dir - straight line, f - Crazy Yiuf
Aim: Crazy Yiuf, wielding a +4 quarterstaff of chaos and wearing a +0 cloak (lightly wounded)
You freeze Crazy Yiuf.
Crazy Yiuf is moderately wounded.
Crazy Yiuf says, "Rot song koolooloo!"
Crazy Yiuf hits you with a +4 quarterstaff of chaos!
Casting: Freeze (safe; 5% risk of failure)
Confirm with . or Enter, or press ? or * to list all spells.
Aiming: Freeze (safe; 5% risk of failure)
Press: ? - help, Shift-Dir - straight line, f/p - Crazy Yiuf
Aim: Crazy Yiuf, wielding a +4 quarterstaff of chaos and wearing a +0 cloak (moderately wounded)
You freeze Crazy Yiuf.
Crazy Yiuf is moderately wounded.
Crazy Yiuf barely misses you.
Casting: Freeze (safe; 5% risk of failure)
Confirm with . or Enter, or press ? or * to list all spells.
Aiming: Ensorcelled Hibernation (safe; 14% risk of failure)
Press: ? - help, Shift-Dir - straight line, f/p - Crazy Yiuf
Aim: Crazy Yiuf, wielding a +4 quarterstaff of chaos and wearing a +0 cloak (moderately wounded, chance to affect: 50%) Crazy Yiuf resists with some effort.
Crazy Yiuf hits you with a +4 quarterstaff of chaos.
Casting: Ensorcelled Hibernation (safe; 14% risk of failure)
Confirm with . or Enter, or press ? or * to list all spells.
Aiming: Ensorcelled Hibernation (safe; 14% risk of failure)
Press: ? - help, Shift-Dir - straight line, f/p - Crazy Yiuf
Aim: Crazy Yiuf, wielding a +4 quarterstaff of chaos and wearing a +0 cloak (moderately wounded, chance to affect: 50%) Crazy Yiuf resists with some effort.
Crazy Yiuf hits you with a +4 quarterstaff of chaos!
* * * LOW HITPOINT WARNING * * *
You are lethally poisoned!
It was a potion of haste.
You feel yourself speed up.
You die...

........#..>...#
#....#.....#####
##...###...#
....###....# #####
.#..###...## #..)#
.#..##....## #...#
....###....# ...
....#......# #g#
......###..# ♣♣@♣
....### ##.# ♣.♣♣
...## ##.# ♣♣.♣
.).######..# ♣.♣♣
..........## ♣♣.♣♣
....)....## ♣...♣♣
..####.#..## ♣....♣
..# #..#...# #....#
..###......####..##


You could see Crazy Yiuf.

Vanquished Creatures
  Jessica (D:2)
  2 iguanas (D:3)
  7 adders
  An ufetubus (D:4)
  2 adder skeletons (D:4)
  3 worms
  4 dart slugs
  7 ball pythons
  5 endoplasms
  4 giant cockroaches
  10 goblins
  4 hobgoblins (D:1)
  9 kobolds
  6 quokkas
  9 bats
  4 frilled lizards
  3 rats
81 creatures vanquished.

Notes
Turn   | Place    | Note
-------+----------+-------------------------------------------
     0 | D:1      | Kranky the Gnoll Wanderer began the quest for the Orb.
     0 | D:1      | Kranky set off with the following items: a +0 hunting
                  | sling, 22 sling bullets, 10 poisoned darts, a +0 dagger, a
                  | +0 leather armour; and the following spell memorised:
                  | Freeze; and the following spells available to memorise:
                  | Ensorcelled Hibernation, Summon Ice Beast
     0 | D:1      | Reached XP level 1. HP: 13/13 MP: 6/6
   256 | D:1      | Reached XP level 2. HP: 16/19 MP: 2/7
   562 | D:1      | Found Wez Hiax's Jewellery Shoppe.
   708 | D:1      | Reached XP level 3. HP: 25/25 MP: 9/9
   734 | D:1      | Reached skill level 5 in Spellcasting
  1257 | D:2      | Found a faded altar of an unknown god.
  1284 | D:2      | Reached skill level 1 in Invocations
  1480 | D:2      | Reached skill level 1 in Fighting
  1480 | D:2      | Reached skill level 1 in Short Blades
  1480 | D:2      | Reached skill level 1 in Long Blades
  1480 | D:2      | Reached skill level 1 in Axes
  1480 | D:2      | Reached skill level 1 in Maces & Flails
  1480 | D:2      | Reached skill level 1 in Polearms
  1480 | D:2      | Reached skill level 1 in Staves
  1480 | D:2      | Reached skill level 1 in Bows
  1480 | D:2      | Reached skill level 1 in Crossbows
  1480 | D:2      | Reached skill level 1 in Dodging
  1480 | D:2      | Reached skill level 1 in Shields
  1480 | D:2      | Reached skill level 1 in Unarmed Combat
  1480 | D:2      | Reached skill level 1 in Evocations
  1536 | D:2      | Found a shimmering altar of Xom.
  1570 | D:2      | Noticed Jessica
  1574 | D:2      | Killed Jessica
  1575 | D:2      | Reached XP level 4. HP: 32/32 MP: 11/11
  1767 | D:2      | Reached skill level 1 in Conjurations
  1767 | D:2      | Reached skill level 1 in Hexes
  1767 | D:2      | Reached skill level 1 in Summonings
  1767 | D:2      | Reached skill level 1 in Necromancy
  1767 | D:2      | Reached skill level 1 in Translocations
  1767 | D:2      | Reached skill level 1 in Transmutations
  1767 | D:2      | Reached skill level 1 in Fire Magic
  1767 | D:2      | Reached skill level 1 in Air Magic
  1767 | D:2      | Reached skill level 1 in Earth Magic
  1767 | D:2      | Reached skill level 1 in Poison Magic
  2040 | D:3      | Reached XP level 5. HP: 30/37 MP: 8/12
  2791 | D:3      | Reached XP level 6. HP: 44/44 MP: 13/13
  3074 | D:4      | Identified the +0 pair of boots "Jywebuep" {-Tele rElec
                  | Regen+}
  3353 | D:4      | Found a runed translucent door.
  3354 | D:4      | Noticed Crazy Yiuf
  3550 | D:4      | Learned a level 2 spell: Ensorcelled Hibernation
  3556 | D:4      | Succumbed to Crazy Yiuf's poison

Illustrated notes

Levels and vault maps discovered:
D:1:      psy_arrival_basics, layout_loops_corners, serial_shops,
          nicolae_shop_crystal, minmay_nonomino_d4
D:2:      minmay_door_path, layout_basic, basic_altar,
          ebering_ecumenical_altar_webs, st_stairs_14, uniq_jessica
D:3:      layout_basic, due_unseen_surprise
D:4:      layout_cave_pools, uniq_crazy_yiuf_cottage

Skill      XL: |  1  2  3  4  5  6 |
---------------+-------------------+-----
Spellcasting   | 5 |  5.3
Invocations    | 1 2 |  2.0
Fighting       | 1 |  1.8
Short Blades   | 1 |  1.8
Long Blades    | 1 |  1.8
Axes           | 1 |  1.8
Maces & Flails | 1 |  1.8
Polearms       | 1 |  1.8
Staves         | 1 |  1.8
Bows           | 1 |  1.8
Crossbows      | 1 |  1.8
Dodging        | 1 |  1.8
Shields        | 1 |  1.8
Unarmed Combat | 1 |  1.8
Evocations     | 1 |  1.8
Conjurations   | 1 |  1.4
Hexes          | 1 |  1.4
Summonings     | 1 |  1.4
Necromancy     | 1 |  1.4
Translocations | 1 |  1.4
Transmutations | 1 |  1.4
Fire Magic     | 1 |  1.4
Air Magic      | 1 |  1.4
Earth Magic    | 1 |  1.4
Poison Magic   | 1 |  1.4
Throwing       | 3 |  3.1
Armour         | 3 |  3.1
Ice Magic      | 4 |  4.0
Stealth        | 3 |  3.0
Slings         | |  6.8

Action                   |  1- 3 |  4- 6 || total
-------------------------+-------+-------++-------
Melee: Dagger            |       |     8 ||     8
 Fire: Hunting sling     |    98 |   114 ||   212
 Cast: Freeze            |    18 |    24 ||    42
       Ensorcelled Hiber |       |     2 ||     2
  Use: Potion            |       |     1 ||     1
Armor: Leather armour    |    10 |    13 ||    23
Dodge: Dodged            |    13 |    19 ||    32
